 Dungeon Crawl Stone Soup version 0.19-a0-453-g7eaa1ff (webtiles) character file.

116861 Ryco the Severer (level 15, -2/147 HPs)
             Began as a Deep Dwarf Fighter on May 31, 2016.
             Was a High Priest of Makhleb.
             Shot with a bolt by a naga sharpshooter (17 damage)
             ... on level 3 of the Snake Pit on June 1, 2016.
             The game lasted 02:21:01 (10402 turns).

Ryco the Severer (Deep Dwarf Fighter)              Turns: 10402, Time: 02:21:01

Health: -2/147     AC: 24    Str: 27    XL:     15   Next: 90%
Magic:  19/19      EV: 11    Int: 10    God:    Makhleb [*****.]
Gold:   1165       SH:  0    Dex: 16    Spells: 2 memorised, 9 levels left

rFire  + . .     SeeInvis .     a - +3 battleaxe (flame)
rCold  . . .     Gourm    .     l - +4 chain mail {rF+}
rNeg   + . .     Faith    .     (shield currently unavailable)
rPois  +         Spirit   .     B - +2 hat {MR+}
rElec  .         Dismiss  .     (no cloak)
rCorr  .         Reflect  .     n - +2 pair of gloves {Str+3}
SustAt .         Harm     .     u - +0 pair of boots
MR     +++..                    y - amulet of rage
Stlth  ..........               A - ring of poison resistance
                                R - +3 ring of dexterity

@: lethally poisoned (-2 -> -2), non-regenerating, extremely resistant to
hostile enchantments, extremely unstealthy
A: damage resistance, recharge devices, negative energy resistance 1, sense
surroundings 2, slow regeneration 3
a: Device Recharging, Minor Destruction, Lesser Servant of Makhleb, Major
Destruction, Greater Servant of Makhleb, Renounce Religion, Evoke Berserk Rage
}: 1/15 runes: decaying


You were on level 3 of the Snake Pit.
You worshipped Makhleb.
Makhleb was extremely pleased with you.
You were full.

You visited 6 branches of the dungeon, and saw 28 of its levels.
You also visited: Ice Cave and Volcano.

You collected 1799 gold pieces.
You spent 634 gold pieces at shops.

Inventory:

Hand Weapons
 a - a +3 battleaxe of flaming (weapon)
 b - a +1 blowgun
 o - a +0 battleaxe of venom
 H - a +3 trident of flaming
Missiles
 q - 37 poisoned needles
 t - 4 curare-tipped needles
Armour
 c - a +0 shield
 l - a +4 chain mail of fire resistance (worn)
 n - a +2 pair of gloves of strength (worn)
 u - a +0 pair of boots (worn)
 B - a +2 hat of magic resistance (worn)
Magical Staves
 V - an uncursed staff of wizardry
Jewellery
 y - an amulet of rage (around neck)
 z - an uncursed ring of sustain attributes
 A - a ring of poison resistance (right hand)
 R - a +3 ring of dexterity (left hand)
 U - an uncursed ring of protection from cold
Wands
 e - a wand of heal wounds (1/9)
 i - a wand of lightning (9/15)
 E - a wand of random effects (5/48)
 M - a wand of iceblast (2/15)
 N - a wand of iceblast (7/15)
Scrolls
 g - 2 scrolls of noise
 h - 5 scrolls of remove curse
 j - 3 scrolls of teleportation
 p - 3 scrolls of magic mapping
 F - 5 scrolls of recharging
 G - a scroll of random uselessness {unknown}
 I - 4 scrolls of amnesia {unknown}
 J - a scroll of enchant weapon
 P - a scroll of blinking
 Q - a scroll of fear {unknown}
Potions
 d - 2 potions of cancellation
 k - 2 potions of flight
 s - a potion of magic {unknown}
 v - 4 potions of curing
 w - 3 potions of brilliance
 x - 2 potions of resistance
 C - 2 potions of agility
 D - a potion of might
 K - a potion of invisibility
 L - a potion of berserk rage {unknown}
 S - a potion of haste
Miscellaneous
 O - a phantom mirror
Comestibles
 f - 12 bread rations
 m - 4 meat rations


   Skills:
 + Level 13.0 Fighting
 + Level 18.1 Axes
 - Level 0.1 Throwing
 * Level 14.1 Armour
 - Level 3.2 Dodging
 - Level 1.0 Stealth
 - Level 3.2 Shields
 - Level 14.0 Invocations
 - Level 8.2 Evocations


You had 9 spell levels left.
You knew the following spells:

 Your Spells              Type           Power        Failure   Level  Hunger
a - Spectral Weapon       Hex/Chrm       #.......     100%        3    ####...
b - Shroud of Golubria    Chrm/Tloc      #.........   99%         2    ###....


Dungeon Overview and Level Annotations

Branches:
Dungeon (11/15)            Temple (1/1) D:7            Lair (8/8) D:9
  Swamp (4/4) Lair:3        Snake (3/4) Lair:5        Slime (0/6) Lair:8
    Orc (1/2) D:10

Altars:
Ashenzari
Cheibriados
Dithmenos
Elyvilon
Fedhas
Gozag
Hepliaklqana
Kikubaaqudgha
Makhleb
Nemelex Xobeh
Okawaru
Pakellas
Qazlal
Ru
Sif Muna
Trog
Vehumet
Xom
Yredelemnul
Zin

Shops:
Snake:2 (%!(

Annotations:
D:10 Loup's ghost, journeyman VSEn
Lair:8 exclusion: oklob plant


Innate Abilities, Weirdness & Mutations

You are resistant to damage.
You can recharge devices by infusing magical energy.
You resist negative energy. (rN+)
You passively map the area around you.
You do not regenerate naturally.


Message History

A splash of poison appears from out of your range of vision.
The splash of poison hits your balrug.
Your balrug appears unharmed.
Okay, then.
Unknown command.
Evoke which item? (* to show all) (? for menu, Esc to quit)
Zapping:
e - a wand of heal wounds (2/9)
Press: ? - help, Shift-Dir - straight line, f - you You feel much better.
This wand has 1 charge left.
The naga sharpshooter unwields an uncursed dire flail.
The naga sharpshooter wields a shortbow.
The naga sharpshooter mumbles some strange words.
The naga sharpshooter magically shoots an arrow.
The arrow hits you!
* * * LOW HITPOINT WARNING * * *
Your balrug closely misses the naga sharpshooter.
The naga sharpshooter mumbles some strange words.
The naga sharpshooter magically shoots a bolt.
The bolt hits you!!
You die...

##### ......# *##.N.### *
, , [...# #......#
##......# , ....#
#....... #.......# ,,
....# #.....# #..N.... *
, ....# #.....# #.....# *
...# #.....#####..N..#
...#####.....#...#.N...#
.............#.#(#)....#
.............#..@2)######
..........####...N(.(†..#
#.........# ##########.#
#.........# #.### #.#
#.........# #...####.#
#######.#.# #.#......#
#####.#.### #.#.#.####
###...#.#...# #...#.#
..#..##.###.####..##.#


You could see 2 naga sharpshooters, a naga and a friendly balrug.

Vanquished Creatures
  the Lernaean hydra (Swamp:4)
  16 hydras
  2 naga warriors
  A ghost crab (Swamp:3)
  Erica (D:9)
  4 alligators
  2 anacondas
  22 death yaks
  2 shock serpents
  A naga sharpshooter (Snake:1)
  A salamander mystic (Snake:3)
  6 swamp dragons
  A spriggan druid (Swamp:4)
  2 shambling mangroves (Swamp:2)
  4 naga ritualists
  An orc knight (Volcano)
  4 lindwurms
  6 mana vipers
  Pikel (D:7)
  2 statues (Volcano)
  2 hornets
  An ugly thing (IceCv)
  7 elephants
  12 black mambas
  2 naga magi
  5 torpor snails (Lair:8)
  A rime drake (Lair:1)
  25 spiny frogs
  2 komodo dragons
  A troll (D:9)
  7 giant leeches
  2 boulder beetles (Lair:8)
  10 blink frogs
  10 slime creatures
  2 bog bodies (Swamp:4)
  A shadow (Swamp:2)
  Sigmund (D:4)
  3 fire bats (Volcano)
  4 spriggans
  15 yaks
  10 hippogriffs
  5 hogs (Lair:8)
  A human (D:10)
  14 vampire mosquitoes
  4 wargs (D:10)
  9 nagas
  4 insubstantial wisps (Swamp:1)
  21 swamp worms
  Edmund (D:4)
  22 water moccasins
  7 porcupines
  4 orc warriors
  A slave (D:7)
  10 swamp drakes
  6 ice beasts (IceCv)
  2 sky beasts
  A necrophage (D:9)
  3 ogres
  13 wasps
  A wolf (Lair:8)
  6 crocodiles
  A centaur (D:6)
  14 giant frogs
  2 scorpions
  11 killer bees
  4 howler monkeys
  2 electric eels
  6 lava snakes
  A centaur zombie (D:10)
  4 crimson imps
  2 jellies (Lair:8)
  A quasit (D:10)
  2 giant frog zombies (D:9)
  2 hounds
  5 orc wizards
  2 giant frog skeletons
  4 orc priests
  4 iguanas
  Natasha (thrice) (D:4)
  5 worker ants
  20 sheep
  2 killer bee zombies
  A worker ant zombie (D:6)
  Robin (D:3)
  A howler monkey skeleton (D:5)
  15 river rats
  7 adders
  A shadow imp (D:7)
  4 oozes
  An adder zombie (D:6)
  16 worms
  A dart slug (D:3)
  3 giant geckos
  21 orcs
  2 ball pythons
  3 giant cockroaches
  12 goblins
  8 hobgoblins
  5 jackals
  6 quokkas
  4 bats
  3 giant newts
  2 jackal skeletons
  6 kobolds
  A quokka skeleton (D:6)
  4 rats
  A butterfly (Lair:3)
  5 fungi
  10 plants
579 creatures vanquished.

Vanquished Creatures (collateral kills)
  Kirke (Lair:8)
  2 thorn hunters
  3 hydras
  An ice dragon (Lair:8)
  A catoblepas (Lair:6)
  An alligator (Swamp:1)
  4 death yaks
  2 naga sharpshooters (Snake:3)
  4 swamp dragons (Swamp:4)
  2 salamanders (Snake:1)
  3 elephants
  A guardian serpent (Snake:1)
  3 black mambas
  2 torpor snails (Lair:8)
  2 spiny frogs
  2 komodo dragons
  2 rime drakes
  A giant leech (Lair:8)
  A polar bear (Lair:2)
  2 blink frogs (Lair:8)
  A wyvern (Lair:8)
  A yak (Lair:8)
  2 hogs (Lair:8)
  A hippogriff (Lair:1)
  2 insubstantial wisps (Swamp:1)
  2 nagas (Snake:3)
  2 water moccasins (Lair:8)
  4 swamp drakes
  A crocodile (Lair:8)
  2 sheep
  2 worms (Lair:8)
  3 briar patches (Swamp:4)
  4 fungi
  A plant (Lair:8)
68 creatures vanquished.

Vanquished Creatures (others)
  A black mamba (Lair:8)
  An orc priest (D:7)
  2 orcs (D:7)
  2 briar patches (Swamp:4)
  9 fungi
  8 plants
23 creatures vanquished.

Grand Total: 670 creatures vanquished

Notes
Turn   | Place    | Note
--------------------------------------------------------------
     0 | D:1      | Ryco the Deep Dwarf Fighter began the quest for the Orb.
     0 | D:1      | Reached XP level 1. HP: 20/20 MP: 1/1
   135 | D:1      | Reached XP level 2. HP: 24/27 MP: 2/2
   346 | D:2      | Found a hazy altar of Hepliaklqana.
   567 | D:3      | Reached XP level 3. HP: 9/34 MP: 3/3
   572 | D:3      | Noticed Robin
   575 | D:3      | Reached skill level 1 in Dodging
   575 | D:3      | Reached skill level 1 in Stealth
   582 | D:3      | Reached skill level 3 in Axes
   583 | D:3      | Reached XP level 4. HP: 30/42 MP: 4/4
   615 | D:3      | Killed Robin
   662 | D:3      | Reached XP level 5. HP: 24/49 MP: 5/5
   710 | D:3      | Found an iron altar of Okawaru.
   764 | D:3      | Found a radiant altar of Vehumet.
   832 | D:4      | Noticed Natasha
   838 | D:4      | Killed Natasha
   838 | D:4      | Reached skill level 4 in Axes
   843 | D:4      | Noticed Sigmund
   846 | D:4      | Noticed Natasha
   861 | D:4      | Killed Natasha
   886 | D:4      | Killed Sigmund
   886 | D:4      | Reached XP level 6. HP: 21/57 MP: 6/6
   913 | D:4      | Found an oddly glowing altar of Pakellas.
   996 | D:4      | Noticed Edmund
  1007 | D:4      | Killed Edmund
  1007 | D:4      | Reached skill level 5 in Axes
  1007 | D:4      | Reached skill level 5 in Armour
  1088 | D:4      | Reached XP level 7. HP: 34/63 MP: 7/7
  1120 | D:4      | Noticed Natasha
  1127 | D:4      | Killed Natasha
  1250 | D:5      | Entered Level 5 of the Dungeon
  1358 | D:5      | Found a bloodstained altar of Trog.
  1573 | D:5      | Reached skill level 6 in Axes
  1898 | D:6      | Found an iron altar of Okawaru.
  1900 | D:6      | Found an opulent altar of Gozag.
  1900 | D:6      | Found an ancient bone altar of Kikubaaqudgha.
  1902 | D:6      | Found a white marble altar of Elyvilon.
  1903 | D:6      | Found a glowing silver altar of Zin.
  1908 | D:6      | Reached XP level 8. HP: 48/73 MP: 8/8
  1924 | D:6      | Reached skill level 7 in Axes
  1968 | D:6      | Reached skill level 1 in Evocations
  2122 | D:7      | Found a staircase to the Ecumenical Temple.
  2128 | Temple   | Entered the Ecumenical Temple
  2169 | Temple   | Became a worshipper of Makhleb the Destroyer
  2245 | D:7      | Reached skill level 8 in Axes
  2425 | D:7      | Noticed Pikel
  2452 | D:7      | Killed Pikel
  2452 | D:7      | Reached skill level 5 in Fighting
  2658 | D:7      | Reached skill level 9 in Axes
  2658 | D:7      | Gained mutation: You passively map the area around you. [Deep Dwarf growth]
  2658 | D:7      | Reached XP level 9. HP: 50/81 MP: 12/12
  2751 | D:8      | Found a sacrificial altar of Ru.
  2898 | D:9      | Reached * piety under Makhleb
  3004 | D:10     | Entered Level 10 of the Dungeon
  3095 | D:10     | Reached skill level 1 in Invocations
  3147 | D:10     | Noticed Loup's ghost (journeyman VSEn)
  3192 | D:9      | Noticed a troll
  3208 | D:9      | Killed a troll
  3208 | D:9      | Reached skill level 10 in Axes
  3214 | D:9      | Found a staircase to the Lair.
  3218 | D:9      | Upgraded the game from 0.19-a0-421-g907bfc8 to 0.19-a0-453-g7eaa1ff
  3248 | D:9      | Noticed Erica
  3265 | D:9      | Killed Erica
  3421 | D:9      | Reached ** piety under Makhleb
  3524 | D:10     | Reached XP level 10. HP: 67/91 MP: 12/12
  3549 | D:10     | Reached skill level 11 in Axes
  3556 | D:10     | Found a staircase to the Orcish Mines.
  3791 | D:11     | Noticed a red ugly thing
  3791 | D:11     | Noticed a gargoyle
  3812 | Orc:1    | Entered Level 1 of the Orcish Mines
  3894 | Orc:1    | Found a frozen archway.
  3903 | IceCv    | Entered an ice cave
  3967 | IceCv    | Noticed a white ugly thing
  3983 | IceCv    | Killed a white ugly thing
  3983 | IceCv    | Reached skill level 5 in Invocations
  4023 | IceCv    | Noticed an ice statue
  4023 | IceCv    | Noticed an ice statue
  4035 | IceCv    | Noticed an ice statue
  4036 | IceCv    | Noticed a white ugly thing
  4068 | Orc:1    | Noticed a deep elf mage
  4068 | Orc:1    | Noticed a deep elf mage
  4069 | Orc:1    | Noticed a deep elf mage
  4070 | Orc:1    | Noticed a deep elf mage
  4071 | Orc:1    | Noticed a deep elf mage
  4072 | Orc:1    | Noticed a deep elf mage
  4158 | Lair:1   | Entered Level 1 of the Lair of Beasts
  4158 | Lair:1   | Noticed a spiny frog
  4169 | Lair:1   | Reached skill level 12 in Axes
  4171 | Lair:1   | Killed a spiny frog
  4234 | Lair:1   | Reached *** piety under Makhleb
  4277 | Lair:1   | Noticed a spiny frog
  4285 | Lair:1   | HP: 3/92 [spiny frog (14)]
  4293 | Lair:1   | Killed a spiny frog
  4414 | Lair:2   | Reached XP level 11. HP: 12/99 MP: 14/14
  4576 | Lair:1   | Noticed an eight-headed hydra
  4600 | Lair:1   | Noticed an eight-headed hydra
  4610 | Lair:1   | Killed an eight-headed hydra
  4711 | Lair:2   | Reached skill level 13 in Axes
  4913 | Lair:3   | Found a dark tunnel.
  4913 | Lair:3   | Noticed a lindwurm
  4923 | Volcano  | Entered a volcano
  5025 | Volcano  | Noticed a lasher statue
  5025 | Volcano  | Noticed a lasher statue
  5038 | Volcano  | Noticed a lasher statue
  5038 | Volcano  | Noticed a lasher statue
  5039 | Volcano  | Noticed a lasher statue
  5056 | Volcano  | Killed a lasher statue
  5061 | Volcano  | Noticed a lasher statue
  5077 | Volcano  | Killed a lasher statue
  5091 | Volcano  | Reached skill level 5 in Evocations
  5106 | Volcano  | Noticed an orc knight
  5124 | Volcano  | Killed an orc knight
  5156 | Volcano  | Found a deep blue altar of Sif Muna.
  5220 | Lair:3   | Killed a lindwurm
  5341 | Lair:5   | Reached skill level 14 in Axes
  5343 | Lair:5   | Reached **** piety under Makhleb
  5441 | Lair:5   | Found a staircase to the Snake Pit.
  5521 | Lair:5   | Noticed a death yak
  5522 | Lair:5   | Noticed a death yak
  5523 | Lair:5   | Noticed a death yak
  5527 | Lair:5   | Noticed a death yak
  5542 | Lair:5   | Noticed a death yak
  5542 | Lair:5   | Noticed a death yak
  5559 | Lair:5   | HP: 4/102 [death yak (8)]
  5562 | Lair:5   | Killed a death yak
  5562 | Lair:5   | Reached XP level 12. HP: 52/110 MP: 14/14
  5566 | Lair:5   | Killed a death yak
  5574 | Lair:5   | Killed a death yak
  5575 | Lair:5   | Killed a death yak
  5575 | Lair:5   | Reached skill level 10 in Armour
  5582 | Lair:5   | Killed a death yak
  5586 | Lair:5   | Killed a death yak
  5650 | Lair:5   | Identified Piamoses's Papyrus of Arcane Weapons and Shape Shifting
  5655 | Lair:5   | Learned a level 3 spell: Spectral Weapon
  5858 | Lair:6   | Noticed a seven-headed hydra
  5868 | Lair:6   | Noticed a catoblepas
  5898 | Lair:6   | Killed a one-headed hydra
  5898 | Lair:6   | Reached skill level 15 in Axes
  5902 | Lair:6   | Killed a catoblepas
  6065 | Lair:7   | Noticed a death yak
  6066 | Lair:7   | Noticed a death yak
  6066 | Lair:7   | Noticed a death yak
  6067 | Lair:7   | Noticed a death yak
  6067 | Lair:7   | Noticed a death yak
  6067 | Lair:7   | Noticed a death yak
  6081 | Lair:7   | Killed a death yak
  6087 | Lair:7   | Killed a death yak
  6092 | Lair:7   | Killed a death yak
  6096 | Lair:7   | Killed a death yak
  6096 | Lair:7   | Killed a death yak
  6107 | Lair:7   | Killed a death yak
  6152 | Lair:7   | Reached XP level 13. HP: 65/120 MP: 15/15
  6168 | Lair:8   | Entered Level 8 of the Lair of Beasts
  6196 | Lair:8   | Noticed Kirke
  6217 | Lair:8   | Killed Kirke
  6217 | Lair:8   | Reached skill level 16 in Axes
  6406 | Lair:8   | Found a runed door.
  6648 | Lair:8   | Reached skill level 10 in Invocations
  6751 | Lair:8   | Found a staircase to the Slime Pits.
  6793 | Lair:8   | Reached ***** piety under Makhleb
  6817 | Lair:8   | Reached skill level 17 in Axes
  7108 | Lair:8   | Gained mutation: You resist negative energy. (rN+) [Deep Dwarf growth]
  7108 | Lair:8   | Reached XP level 14. HP: 130/130 MP: 18/18
  7177 | Lair:8   | Reached skill level 10 in Fighting
  7269 | Lair:8   | Reached skill level 18 in Axes
  7444 | Lair:7   | Learned a level 2 spell: Shroud of Golubria
  8016 | Lair:3   | Found a staircase to the Swamp.
  8030 | Swamp:1  | Entered Level 1 of the Swamp
  8484 | Swamp:1  | Noticed a thorn hunter
  8501 | Swamp:1  | Killed a thorn hunter
  8543 | Swamp:1  | HP: 5/135 [alligator[an alligator] (6)]
  8845 | Swamp:3  | Reached ****** piety under Makhleb
  8850 | Swamp:4  | Entered Level 4 of the Swamp
  8921 | Swamp:4  | Reached XP level 15. HP: 102/144 MP: 19/19
  9152 | Swamp:4  | Noticed the 27-headed Lernaean hydra
  9259 | Swamp:4  | Noticed a thorn hunter
  9271 | Swamp:4  | Killed a thorn hunter
  9324 | Swamp:4  | Killed the 21-headed Lernaean hydra
  9425 | Swamp:4  | Got a decaying rune of Zot
  9674 | Snake:1  | Entered Level 1 of the Snake Pit
  9689 | Snake:1  | HP: 3/146 [shock serpent/bolt of electricity (16)]
  9745 | Snake:1  | Noticed a greater naga
  9903 | Snake:1  | Identified 2 scrolls of acquirement
  9916 | Snake:2  | Found Iryess's Distillery.
  9916 | Snake:2  | Found Muamin's Antique Weapon Shop.
  9991 | Snake:2  | Found Ishusopp's Antique Weapon Boutique.
  9995 | Snake:2  | Bought 2 potions of heal wounds for 170 gold pieces
  9995 | Snake:2  | Bought a potion of agility for 68 gold pieces
  9995 | Snake:2  | Bought a potion of heal wounds for 85 gold pieces
  9995 | Snake:2  | Bought a potion of might for 68 gold pieces
  9995 | Snake:2  | Bought a potion of agility for 68 gold pieces
 10017 | Snake:2  | Bought a runed battleaxe for 175 gold pieces
 10045 | Snake:2  | Found Yckonoc's Food Emporium.
 10393 | Snake:3  | HP: 7/147 [naga sharpshooter/bolt (17)]
 10401 | Snake:3  | HP: 4/147 [naga sharpshooter/bolt (14)]
 10402 | Snake:3  | Shot with a bolt by a naga sharpshooter

Vault maps used:
D:1:      mrwooster_arrival_arrow
D:2:      amethyst_overflow_temple_binary
D:3:      fiery_altar_vehumet, kennysheep_okawaru_gauntlet, uniq_robin
D:4:      grunt_pakellas_sulfur, uniq_sigmund, uniq_edmund, uniq_natasha
D:5:      first_bread, nicolae_zen_rock_garden, bloody_trog
D:6:      grunt_temple_overflow_open, uniq_prince_ribbit1
D:7:      minmay_temple_entry_enclosed_plants, hex_large, uniq_pikel
D:8:      statuecave_lemuel, nicolae_ru_the_path_less_chosen
D:9:      lair_0_dummy, serial_glass, glass_columns_a, glass_columns_b,
          glass_columns_b, glass_columns_a, glass_columns_a, glass_columns_c,
          uniq_erica
D:10:     minmay_orc_entry_guard_dogs, grunt_pizzeria
D:11:     grunt_tough_drop, uniq_sonja
Temple:   nicolae_temple_god_jail
Lair:1:   serial_bayou_pond_b, st_stairs_10
Lair:2:   infiniplex_staircase_pool_2
Lair:3:   nicolae_swamp_entry_splash_gauntlet, nicolae_volcano_entry_vermiform,
          small_statue_intersection, lemuel_fruit_fields
Lair:4:   basic_altar
Lair:5:   minmay_snake_entry_six_corridors
Lair:7:   lemuel_fruit_tree, serial_bayou_shore_a
Lair:8:   hangedman_lair_in_review, wormcave, nicolae_slime_entry_slimehenge,
          minmay_stone_trees_medium, minmay_lair_oklob_bushes, uniq_kirke
Swamp:1:  evilmike_swamp_ruin_house_2
Swamp:2:  nicolae_swamp_dense_foliage, swamp_pool1
Swamp:3:  serial_swamp_ruin, evilmike_swamp_ruin_rubble_2,
          evilmike_swamp_ruin_house_4
Swamp:4:  swamp_old_school
Snake:1:  guppyfry_library_mini, grunt_megastairs_2
Snake:2:  serial_shops, shop_coins, shop, shop, nicolae_shop_waterfront, shop,
          serial_bayou_shore_b
Orc:1:    portal_ice_cave_entry_pillars_1, abandoned_shop, elves_outpost_lemuel
IceCv:    ice_cave_statue_garden_chambered
Volcano:  volcano_grotto

Skill      XL: |  1  2  3  4  5  6  7  8  9 10 11 12 13 14 15 |
---------------+----------------------------------------------+-----
Fighting       | 3 4 5 6 7 8 9 11 13 | 13.0
Armour         | 4 5 6 8 9 10 11 12 14 | 14.1
Dodging        | 1 2 3 |  3.2
Stealth        | 1 |  1.0
Axes           | 3 4 5 6 9 10 12 14 15 17 18 | 18.1
Evocations     | 4 6 8 |  8.2
Invocations    | 3 5 7 9 10 12 14 | 14.0
Throwing       | |  0.1
Shields        | |  3.2

Action                   |  1- 3 |  4- 6 |  7- 9 | 10-12 | 13-15 || total
-------------------------+-------+-------+-------+-------+-------++-------
Melee: War axe           |    97 |   131 |   393 |   728 |  1092 ||  2441
       Blowgun           |       |       |     3 |       |       ||     3
       Whip              |       |       |       |     6 |       ||     6
       Unarmed           |       |       |       |       |     3 ||     3
       Battleaxe         |       |       |       |       |    85 ||    85
 Fire: Blowgun           |       |       |    56 |     5 |       ||    61
Invok: Lesser Servant of |       |       |       |    19 |    28 ||    47
       Greater Servant o |       |       |       |       |     7 ||     7
 Abil: Evoke Berserk Rag |       |       |     7 |     4 |       ||    11
       Device Recharging |       |       |     1 |     3 |     2 ||     6
Evoke: Wand              |     1 |     3 |    16 |    19 |    11 ||    50
  Use: Potion            |       |     1 |     3 |     4 |     7 ||    15
       Scroll            |       |       |    17 |     7 |    12 ||    36
 Stab: Distracted        |       |       |       |     5 |    16 ||    21
       Petrified         |       |       |       |     4 |       ||     4
  Eat: Pizza             |       |     1 |     3 |     8 |       ||    12
       Beef jerky        |       |     1 |     5 |     1 |     1 ||     8
       Chunk             |       |       |     2 |     4 |     1 ||     7
       Meat ration       |       |       |     1 |       |       ||     1
       Fruit             |       |       |       |       |    17 ||    17
Armor: Scale mail        |    63 |    60 |    92 |       |       ||   215
       Plate armour      |       |       |    59 |   244 |       ||   303
       Chain mail        |       |       |    75 |   188 |   641 ||   904
       Skin              |       |       |    44 |       |       ||    44
Dodge: Dodged            |    39 |    28 |   158 |   167 |   345 ||   737
Block: Shield            |    56 |    65 |   290 |   345 |   470 ||  1226
